Unix NetHack Version 5.0.0-0 post-release - last build May 10 2026 23:12:36 (d1fa5d53e341ca933230fdaa984d921c805b60aa,branch:main).

Game began 2026-05-11 13:57:23, ended 2026-05-11 15:03:00.

Drastanta, neutral male gnomish Wizard

  #
 -----                                -----------
 |`..|                              ##..........|       -----
 |...|     -----------       -----  # |.........-#      |...|
 |.<..#    |.........+#      |.).|  # |.........|#      |...|
 |...|#    |.........|#      |...| ## |.........|#     #-...|
 |...|#    |.........|#      |...| #  |.........|#     #|...-#
 -.---#   #........1.|#      |....####..........|#  ####-----#
  #########-----------#      ---.-#   -----------#  #      # ####  -----------
      #  ##           @        ####              #  #           #  |>........|
   ####  ###       ##Y###########                #  #           ###..........|
   #      ###       ##          #                #  #           ###|.........|
   #   #  # ############    #   #                #  #            ##..........|
   #----- #         #--|--------.----           ################## -----------
   #+....##         #|..............|       ######  #
    |...|           #................######## ####  #
    |...|            |..............|         #-----#
    |...|            |..............|         #|$$..#
    -----            ----------------          |$$.|
                                  #            -----

Drastanta the Conjurer    St:11 Dx:11 Co:16 In:18 Wi:10 Ch:10  Neutral
Dlvl:9  $:124 HP:0(43) Pw:3(47) AC:9  Xp:5 T:3064 

Latest messages:
 This tengu corpse is fatty.
 You finish eating the tengu corpse.
 You find a hidden door.
 The door opens.
 The door resists!
 The door opens.
 You miss the iguana.
 You miss the iguana.
 The iguana bites!
 You hit the iguana.
 You hit the iguana!
 The iguana bites!
 You hit the iguana.
 You miss the iguana.
 You miss the iguana.
 The iguana bites!
 You kill the iguana!
 What do you want to read? [i-muvzI or ?*] j
 As you read the scroll, it disappears.
 A map coalesces in your mind!
 You find a hidden door.
 The door opens.
 You see here 10 arrows.
 In what direction? 2
 The spell hits the lizard!
 You kill the lizard!
 You see here a lizard corpse.
 There is a lizard corpse here; eat it? [ynq] (n) q
 N - a lizard corpse.
 The gnome king drinks a golden potion!
 The gnome king is suddenly moving faster.
 In what direction? 4
 The spell hits the owlbear!
 The owlbear hits!
 The owlbear hits again!
 The owlbear grabs you!
 You cannot escape from the owlbear!
 The owlbear hits!
 The owlbear hits again!
 You are being crushed.
 You cannot escape from the owlbear!
 The owlbear hits!
 The owlbear hits again!
 You are being crushed.
 You die...
 Do you want your possessions identified? [ynq] (y) n
 Do you want to see your attributes? [ynq] (y) n
 Do you want an account of creatures vanquished? [ynaq] (y) n
 Do you want to see your conduct and achievements? [ynq] (y) n
 Do you want to see the dungeon overview? [ynq] (y) n

Inventory:
 Coins    ('$')
  $ - 124 gold pieces
 Weapons  (')')
  a - a blessed +1 quarterstaff (weapon in hands)
 Armor    ('[')
  b - an uncursed +0 cloak of magic resistance (being worn)
 Comestibles  ('%')
  K - an uncursed tripe ration
  N - an uncursed lizard corpse
 Scrolls  ('?')
  u - a blessed scroll of blank paper
  z - an uncursed scroll of enchant armor
  i - 2 uncursed scrolls of food detection
  k - 2 uncursed scrolls of identify
 Spellbooks  ('+')
  v - an uncursed spellbook of charm monster
  I - an uncursed spellbook of detect food
  l - a blessed spellbook of force bolt
  m - an uncursed spellbook of jumping
 Potions  ('!')
  E - an uncursed potion of enlightenment
  q - an uncursed potion of extra healing
  f - an uncursed potion of fruit juice
  B - an uncursed potion of full healing
  t - a blessed potion of hallucination
  g - 2 blessed potions of healing
  r - an uncursed potion of healing
  h - an uncursed potion of levitation
  C - a blessed potion of monster detection
  F - a blessed potion of oil
  p - an uncursed potion of polymorph
  L - an uncursed potion of sickness
  M - a blessed potion of speed
  D - an uncursed potion of water
 Rings    ('=')
  e - an uncursed ring of stealth (on left hand)
  d - an uncursed ring of warning (on right hand)
 Wands    ('/')
  x - a wand of cancellation (0:4)
  J - a wand of lightning (0:5)
  c - a blessed wand of polymorph (0:6)
  H - a wand of probing (0:5)
  w - a wand of slow monster (0:4)
 Tools    ('(')
  n - a magic marker (0:21)

Drastanta the Wizard's attributes:

Background:
 You were a Conjurer, a level 5 male gnomish Wizard.
 You were neutral, on a mission for Thoth
 who was opposed by Ptah (lawful) and Anhur (chaotic).
 You were left-handed.
 You were in the Dungeons of Doom, on level 9.
 You entered the dungeon 3064 turns ago.
 You had 243 experience points, 77 more were needed to attain level 6.

Basics:
 You had 0 out of 43 hit points.
 You had 3 out of 47 energy points (spell power).
 Your armor class was 9.
 Your wallet contained 124 zorkmids.
 Autopickup was off.

Final Characteristics:
 Your strength was 11 (limit:18/50).
 Your dexterity was 11 (limit:18).
 Your constitution was 16 (limit:18).
 Your intelligence was 18 (limit:19).
 Your wisdom was 10 (limit:18).
 Your charisma was 10 (limit:18).

Final Status:
 You were held by an owlbear (southwest).
 You weren't hungry.
 You were unencumbered.
 You were wielding a quarterstaff.
 You had basic skill with quarterstaff.

Final Attributes:
 You were piously aligned.
 You were magic-protected.
 You were warned.
 You had infravision.
 You were stealthy.
 You were warded.
 You are dead.

Miscellaneous:
 You didn't encounter any bones levels.
 Total elapsed playing time was 1 hour, 5 minutes and 36 seconds.

Major events:
 Turn
    1: Drastanta the neutral male gnomish Wizard entered the dungeon
  802: entered the Gnomish Mines
 1508: attained the rank of Conjurer (level 3)
 3064: killed by an owlbear

Spells:
 Name                 Level Category     Fail Retention
 force bolt             1   attack         0%   81%-90%
 jumping                1   escape         0%  76%-100%

Skills:
 Fighting Skills
   bare handed combat [Unskilled]
   riding             [Unskilled]
 Weapon Skills
   dagger             [Unskilled]
   knife              [Unskilled]
   axe                [Unskilled]
   short sword        [Unskilled]
   club               [Unskilled]
   mace               [Unskilled]
   quarterstaff       [Basic]
   polearms           [Unskilled]
   spear              [Unskilled]
   trident            [Unskilled]
   sling              [Unskilled]
   dart               [Unskilled]
   shuriken           [Unskilled]
 Spellcasting Skills
   attack spells      [Basic]
   healing spells     [Unskilled]
   divination spells  [Unskilled]
   enchantment spells [Basic]
   clerical spells    [Unskilled]
   escape spells      [Unskilled]
   matter spells      [Unskilled]

Voluntary challenges:
 Character rerolling was not enabled.
 You never genocided any monsters.
 You never polymorphed an object.
 You never changed form.
 You used no wishes.
Achievements:
 You entered the Gnomish Mines.
 You attained the rank of Conjurer.

 The Dungeons of Doom: levels 1 to 9
    Level 1:
       A fountain.
    Level 2:
       Stairs down to The Gnomish Mines.
    Level 3:
       An altar to Thoth, a fountain, a sink.
    Level 4:
    Level 5:
       A sink.
    Level 6:
       An altar.
    Level 7:
       Many fountains.
    Level 9: <- You were here.
       Final resting place for
          you, killed by an owlbear.
 The Gnomish Mines:
    Level 3:


Vanquished creatures:
  a tengu
  a lizard
  a rock mole
  a giant ant
  a little dog
  a kitten
  2 rothes
  a rabid rat
 an orc zombie
  5 iguanas
 an acid blob
  a manes
  2 large kobolds
  a giant rat
  a cave spider
  2 yellow molds
  a green mold
  2 gnome zombies
  2 geckos
  4 jackals
  a kobold
  a goblin
  4 sewer rats
  2 grid bugs
  4 lichens
  3 kobold zombies
  6 newts
53 creatures vanquished.

No species were genocided or became extinct.

Game over:
                       ----------
                      /          \
                     /    REST    \
                    /      IN      \
                   /     PEACE      \
                  /                  \
                  |    Drastanta     |
                  |      124 Au      |
                  |   killed by an   |
                  |     owlbear      |
                  |                  |
                  |                  |
                  |       2026       |
                 *|     *  *  *      | *
        _________)/\\_//(\/(/\)/\//\/|_)_______

Goodbye Drastanta the Wizard...

You died in The Dungeons of Doom on dungeon level 9 with 1484 points,
and 124 pieces of gold, after 3064 moves.
You were level 5 with a maximum of 43 hit points when you died.

